 Dungeon Crawl Stone Soup version 0.25-a0-734-g73332aeda9 (webtiles) character file.

Game seed: 12892544316049569347, levelgen mode: deterministic

48 wvc the Cudgeler (level 3, 0/21 HPs)
             Began as a Gargoyle Gladiator on Apr 10, 2020.
             Slain by a centaur (1 damage)
             ... on level 2 of the Dungeon.
             The game lasted 00:04:06 (1292 turns).

wvc the Cudgeler (Gargoyle Gladiator)               Turns: 1292, Time: 00:04:07

Health: 0/21       AC:  7    Str: 14 (17) XL:     3   Next: 72%
Magic:  3/3        EV: 12    Int:  6 (8)  God:
Gold:   46         SH:  0    Dex:  9 (12) Spells: 2/2 levels left

rFire    . . .     SeeInvis .   a - +0 flail
rCold    . . .     Gourm    .   (no shield)
rNeg     + . .     Faith    .   b - +0 leather armour
rPois    ∞         Spirit   .   c - +0 helmet
rElec    +         Reflect  .   (no cloak)
rCorr    .         Harm     .   (no gloves)
MR       .....                  (no boots)
Stlth    +.........             k - amulet of rage
HPRegen  0.07/turn              (no ring)
MPRegen  0.08/turn              (no ring)

@: no status effects
A: negative energy resistance 1, electricity resistance, unbreathing,
petrification resistance, rot immunity, AC +3
a: Evoke Berserk Rage


You were on level 2 of the Dungeon.
You were not hungry.

You visited 1 branch of the dungeon, and saw 2 of its levels.

You collected 46 gold pieces.

Inventory:

Hand Weapons
 a - a +0 flail (weapon)
 j - a +3 dagger
Missiles
 d - 3 throwing nets (quivered)
Armour
 b - a +0 leather armour (worn)
 c - a +0 helmet (worn)
Jewellery
 k - an amulet of rage (around neck)
Scrolls
 g - 2 scrolls of teleportation {unknown}
 h - a scroll of remove curse {unknown}
 i - a scroll of amnesia {unknown}
 l - a scroll of identify {unknown}
Comestibles
 f - 5 rations


   Skills:
 - Level 2.1 Fighting
 + Level 4.6 Maces & Flails
 - Level 1.7 Throwing
 - Level 2.4 Dodging


You had 2 spell levels left.
You didn't know any spells.
Your spell library was empty.

Dungeon Overview and Level Annotations

Branches:
Dungeon (2/15)

Altars:


Innate Abilities, Weirdness & Mutations

You are resistant to torment.
Your stone body is resilient. (AC +3)
You are immune to poison.
You resist negative energy. (rN+)
You are resistant to electric shocks. (rElec)
You can survive without breathing.
You are immune to petrification.
You are immune to rotting.


Message History

The arrow hits you!
You see here an arrow.
The centaur shoots an arrow.
The arrow hits you.
* * * LOW HITPOINT WARNING * * *
You see here an arrow.
You see here a giant cockroach corpse.
The centaur shoots an arrow.
The arrow hits you.
* * * LOW HITPOINT WARNING * * *
You see here 2 arrows.
It was a potion of degeneration.
There was something very wrong with that liquid.
You feel weakened.
You feel dopey.
You feel clumsy.
The centaur shoots an arrow.
The arrow completely misses you.
Throwing (i - inventory)
d - 4 throwing nets (quivered)
Press: ? - help, Shift-Dir - straight line, f - centaur
Aim: a centaur, wielding a +0 shortbow and quivering 16 arrows You throw a throwing net.
The throwing net barely misses the centaur.
The centaur unwields a +0 shortbow.
The centaur hits you.
You die...

#..########.#..########.
#..########.#...#
#..#..).........#
#..#.######.#.#.#
#...........#.#.#
##.#...####.#.#.#
#.#...####.#.#.#
#.##.....(†..#^##
#.##.....(.@....#
#.........c###..#
####.###.#.# #..# #
#.###< # #.# #. ..# #c
#.. #. .. .. ..


You could see a centaur.

Vanquished Creatures
  2 adders (D:2)
  An ooze (D:1)
  A worm (D:2)
  2 giant cockroaches
  8 goblins
  A hobgoblin (D:1)
  A quokka (D:2)
  2 bats
  3 kobolds (D:1)
  A rat (D:1)
22 creatures vanquished.

Notes
Turn   | Place    | Note
-------+----------+-------------------------------------------
     0 | D:1      | wvc the Gargoyle Gladiator began the quest for the Orb.
     0 | D:1      | Reached XP level 1. HP: 12/12 MP: 1/1
   197 | D:1      | Reached XP level 2. HP: 15/17 MP: 2/2
   499 | D:1      | Reached skill level 4 in Maces & Flails
   837 | D:2      | Reached XP level 3. HP: 11/21 MP: 3/3
  1285 | D:2      | Noticed a centaur
  1288 | D:2      | HP: 1/21 [centaur/arrow (5)]
  1292 | D:2      | Slain by a centaur

Levels and vault maps discovered:
D:1:      psy_arrival_radial02, layout_basic,
          hangedman_abyss_or_decor_lesser_grid, st_stairs_2
D:2:      layout_loops_ring, first_ration

Skill      XL: |  1  2 |
---------------+-------+-----
Maces & Flails | 4 |  4.6
Fighting       | |  2.1
Throwing       | |  1.7
Dodging        | |  2.4

Action                   || total
-------------------------++-------
Melee: Flail             ||    86
Throw: Throwing net      ||     2
  Use: Potion            ||     1
  Eat: Chunk             ||     1
Armor: Leather armour    ||    32
Dodge: Dodged            ||    51

Table legend:
 A = Non-vault XP
 B = Vault XP
 C = Vault XP percentage of total XP
 D = Non-vault monster count
 E = Vault monster count
 F = Vault count percentage of total count
                 A         B        C        D         E       F
            +---------+---------+-------+---------+---------+-------
      Total |      65 |       4 |   5.8 |      20 |       2 |   9.1
            +---------+---------+-------+---------+---------+-------
        D:1 |      26 |       4 |  13.3 |      13 |       2 |  13.3
        D:2 |      39 |       0 |   0.0 |       7 |       0 |   0.0
            +---------+---------+-------+---------+---------+-------
